 Dungeon Crawl Stone Soup version 0.29.1-12-g30fa7ad0bf (webtiles) character file.

Game seed: 4587171694678666199

186 Gabide the Trooper (level 5, -5/43 HPs)
             Began as a Mummy Berserker on Dec 23, 2022.
             Was a Believer of Trog.
             Killed by divine providence
             ... invoked by an orc priest
              (16 damage)
             ... on level 3 of the Dungeon.
             The game lasted 00:03:50 (3749 turns).

Gabide the Trooper (Mummy Berserker)                Turns: 3749, Time: 00:03:50

Health: -5/43      AC:  5    Str: 29    XL:     5   Next: 38%
Magic:  5/5        EV: 11    Int:  6    God:    Trog [**....]
Gold:   143        SH:  0    Dex: 11    Spells: 4/4 levels left

rFire   x . .      SeeInvis .     - Unarmed
rCold   + . .      Faith    .   (no shield)
rNeg    + + +      Spirit   .   l - +0 ring mail
rPois   ∞          Reflect  .   (no helmet)
rElec   .          Harm     .   (no cloak)
rCorr   .          Rampage  .   (no gloves)
Will    ++...                   (no boots)
Stlth   +.........              (no amulet)
HPRegen 1.14/turn               b - +6 ring of strength
MPRegen 0.09/turn               (no ring)

@: strong-willed, regenerating, studying Shields
A: cold resistance 1, negative energy resistance 3, torment resistance 2, heat
vulnerability 1, in touch with death 1, no potions
a: Renounce Religion, Trog's Hand


You were on level 3 of the Dungeon.
You worshipped Trog.
Trog was pleased with you.
You visited 1 branch of the dungeon, and saw 3 of its levels.

You collected 143 gold pieces.

Inventory:

Armour
 l - a +0 ring mail (worn)
Jewellery
 b - a +6 ring of strength (left hand)
 j - a ring of ice
Scrolls
 c - 2 scrolls of teleportation {unknown}
 d - a scroll of fog {unknown}
 e - a scroll of identify {unknown}
 f - a scroll of immolation {unknown}
 g - a scroll of torment {unknown}
 h - a scroll of blinking {unknown}
 i - a scroll of noise {unknown}
 k - a scroll of fear {unknown}


   Skills:
 * Level 4.5 Fighting
 - Level 1.5 Armour
 + Level 2.5 Dodging
 * Level 3.6 Unarmed Combat


You had 4 spell levels left.
You didn't know any spells.
Your spell library was empty.

Dungeon Overview and Level Annotations

Branches:
Dungeon (3/15)

Altars:
Hepliaklqana
Sif Muna
Trog
Xom

Annotations:
D:3 Terence


Innate Abilities, Weirdness & Mutations

You are immune to poison.
Your flesh is cold resistant. (rC+)
You are immune to negative energy. (rN+++)
You are immune to unholy pain and torment.
You are vulnerable to heat. (rF-)
You are in touch with the powers of death.
You do not drink.


Message History

The orc priest invokes the aid of Beogh against you.
Beogh smites you! The orc priest closely misses you.
The orc hits you but does no damage.
You punch the orc priest!
The orc priest is almost dead.
The orc priest looks encouraged for a moment.
The orc priest closely misses you. The orc barely misses you.
You closely miss the orc priest.
The orc priest is almost dead.
You hit the orc priest.
The orc priest is almost dead.
The orc priest closely misses you. The orc hits you with a +0 flail.
You hit the orc priest but do no damage.
The orc priest is almost dead.
The orc priest looks braver for a moment.
The orc barely misses you.
You closely miss the orc priest.
The orc priest is almost dead.
The orc priest invokes the aid of Beogh against you.
Beogh smites you! The orc priest closely misses you.
The orc hits you with a +0 flail.
You are too injured to fight recklessly!
You are too injured to fight recklessly!
You are too injured to fight recklessly!
You are too injured to fight recklessly!
You are too injured to fight recklessly!
You are too injured to fight recklessly!
You are too injured to fight recklessly!
You are too injured to fight recklessly!
You are too injured to fight recklessly!
You are too injured to fight recklessly!
You are too injured to fight recklessly!
You are too injured to fight recklessly!
The orc attacks as you move away! The orc hits you with a +0 flail.
* * * LOW HITPOINT WARNING * * *
Your skin crawls.
You feel strong-willed.
The orc priest calls down the wrath of Beogh upon you.
Beogh smites you!
You die...

...# ######
#.#.............#.#:
...#
#)######........#...
..## #[#
_.########..... .##
#.# .8.# #####< ##
#.# ...# ## #.# .8.#
# #.## .o# #..##'#
##.@oo# ######


You could see 2 orc priests and an orc.

Vanquished Creatures
  A scorpion (D:3)
  5 adders
  3 worms
  3 dart slugs
  5 orcs (D:3)
  7 ball pythons
  3 bats
  7 endoplasms
  5 giant cockroaches
  A hobgoblin (D:3)
  4 jackals (D:2)
  4 kobolds
  A quokka (D:2)
  3 frilled lizards
  6 goblins
  7 rats
65 creatures vanquished.

Notes
Turn   | Place    | Note
-------+----------+-------------------------------------------
     0 | D:1      | Gabide the Mummy Berserker began the quest for the Orb.
     0 | D:1      | Reached XP level 1. HP: 18/18 MP: 1/1
   187 | D:1      | Found a faded altar of an unknown god.
   191 | D:1      | Reached XP level 2. HP: 24/24 MP: 2/2
  1240 | D:2      | Gained mutation: You are in touch with the powers of death.
                  | [Mummy growth]
  1240 | D:2      | Reached XP level 3. HP: 21/29 MP: 3/3
  1839 | D:2      | Reached XP level 4. HP: 20/37 MP: 4/4
  2665 | D:3      | Noticed a scorpion
  2681 | D:3      | Killed a scorpion
  2682 | D:3      | Reached skill level 4 in Fighting
  2682 | D:3      | Reached XP level 5. HP: 22/42 MP: 5/5
  2885 | D:3      | Noticed Terence
  3211 | D:3      | Reached ** piety under Trog
  3476 | D:3      | Found a burning altar of Makhleb.
  3478 | D:3      | Found a shimmering blue altar of Sif Muna.
  3480 | D:3      | Found a hazy altar of Hepliaklqana.
  3480 | D:3      | Found a bloodstained altar of Trog.
  3480 | D:3      | Found a shimmering altar of Xom.
  3749 | D:3      | Killed from afar by an orc priest

Illustrated notes

Levels and vault maps discovered:
D:1:      mainiacjoe_arrival_reflecting_pool, layout_rooms, serial_curves,
          eino_curves_02, eino_curves_03, chequers_ecumenical_altar_island
D:2:      cheibrodos_helix_gallery, layout_basic, minmay_diced_spiral
D:3:      layout_rooms, doesnt_xom_only_xom, kennysheep_orc_chapel, uniq_terence

Skill      XL: |  1  2  3  4 |
---------------+-------------+-----
Dodging        | 2 |  2.5
Unarmed Combat | 3 |  3.6
Fighting       | 4 |  4.5
Armour         | |  1.5

Action                   |  1- 3 |  4- 6 || total
-------------------------+-------+-------++-------
Melee: Unarmed           |   116 |   109 ||   225
       Punch             |     4 |     3 ||     7
Invok: Trog's Hand       |       |     1 ||     1
 Stab: Sleeping          |       |     1 ||     1
Armor: Animal skin       |    21 |    12 ||    33
       Ring mail         |       |     8 ||     8
Dodge: Dodged            |    73 |    64 ||   137
